 Dungeon Sprint DCSS version 0.31-a0-18-gea43df2a32 (webtiles) character file.

Game seed: 7897306312239440142

11956 sircluck the Brawler (level 11, 0/184 HPs)
             Began as a Troll Berserker on May 10, 2023.
             Was an Elder of Trog.
             Succumbed to poison (dark miasma)
             ... in the Dungeon (Sprint II: "The Violet Keep of Menkaure").
             The game lasted 00:09:12 (1382 turns).

sircluck the Brawler (Troll Berserker)              Turns: 1382, Time: 00:09:12

Health: 0/184      AC:  4    Str: 42    XL:     11   Next: 56%
Magic:  10/10      EV: 14    Int:  3    God:    Trog [****..]
Gold:   1079       SH:  0    Dex: 12    Spells: 10/10 levels left

rFire   . .          .
                       - Unarmed
rCold   . . .        (no shield)
rNeg    . . .        a - +0 animal skin
rPois   .            (helmet restricted)
rElec   .            (no cloak)
rCorr   +            (gloves unavailable)
SInv    .            (boots unavailable)
Will    .....        (no amulet) Stlth
                     h - ring of Uvogomn {Fly Will- rCorr Str+5 Dex+3}
HPRegen 1.30/turn    b - +6 ring of strength
MPRegen 0.12/turn

%: no teleportation
@: berserking, lethally poisoned (0 -> -81), flying, slowed
A: large, unfitting armour, claws 3, regeneration 1, shaggy fur 1, tough skin 1
a: Renounce Religion, Berserk, Trog's Hand, Brothers in Arms


You were in the Dungeon.
You worshipped Trog.
Trog was greatly pleased with you.
You visited 1 branch You collected 2875 gold pieces.
You spent 1796 gold pieces at shops.

Inventory:

Armour
 a - a +0 animal skin (worn)
Jewellery
 b - a +6 ring of strength (right claw)
 h - the ring of Uvogomn (left claw) {Fly Will- rCorr Str+5 Dex+3}
   (You bought it in a shop in the Dungeon)

   [ring of flight]

   Str:       It affects your strength (+5).
   Dex:       It affects your dexterity (+3).
   Fly:       It grants you flight.
   rCorr:     It protects you from acid and corrosion.
   Will:      It decreases your willpower.
Potions
 c - a potion of heal wounds
 d - a potion of haste
 e - 2 potions of magic
 f - a potion of berserk rage
 j - 3 potions of flight


   Skills:
 + Level 12.2 Fighting
 + Level 12.4 Dodging
 + Level 2.3 Stealth
 + Level 20.7 Unarmed Combat


You had 10 spell levels left.
You didn't know any spells.
Your spell library was empty.

Dungeon Overview and Level Annotations

Branches:
Dungeon (1/1)

Altars:
Cheibriados
Dithmenos
Elyvilon
Fedhas
Gozag
Kikubaaqudgha
Makhleb
Nemelex Xobeh
Okawaru
Ru
Sif Muna
Trog
Uskayaw
Vehumet
Wu Jian
Xom
Yredelemnul
Zin
The Shining One
Jiyva
Lugonu

Shops:
D :*[:[*=!*(?!([([[(=[[:?[(((

Annotations:
D exclusions: obsidian statue and oklob plant


Innate Abilities, Weirdness & Mutations

You are too large for most types of armour.
You have claws for hands.
Your natural rate of healing is unusually fast.
You are covered in fur. (AC +1)
You have tough skin. (AC +1)


Message History

The swamp drake seems to slow down.
You mangle the death drake!! Your claw misses the death drake.
The death drake is almost dead.
You are engulfed in dark miasma.
You are more poisoned.
You feel very sick. The death drake barely misses you.
You scratch the death drake.
The death drake is almost dead.
You are engulfed in dark miasma.
You are more poisoned.
You feel extremely sick.
The swamp drake is no longer moving slowly.
The swamp drake is engulfed in dark miasma.
The death drake bites you.
You scratch the death drake but do no damage.
The death drake is almost dead.
You are engulfed in dark miasma.
You are more poisoned.
You feel as though you will be slow longer.
You feel extremely sick.
You eviscerate the death drake!!!
You kill the death drake!
Trog accepts your kill.
You are engulfed in dark miasma.
You are lethally poisoned!
You feel extremely sick.
The swamp drake is engulfed in dark miasma.
The swamp drake bites you!
* * * LOW HITPOINT WARNING * * *
You closely miss the swamp drake.
The swamp drake is moderately wounded.
You are engulfed in dark miasma.
You are more poisoned.
* * * LOW HITPOINT WARNING * * *
x2 You feel extremely sick.
The swamp drake bites you.
* * * LOW HITPOINT WARNING * * *
The swamp drake attacks as you move away!
The swamp drake bites you!
* * * LOW HITPOINT WARNING * * *
You die...

+++##***,,,,*,**,,************+**
....#,,+,,..*,k*,,*,,,,,,,,**,,,*
##..#,,***#.*,.*,,*,,,,,,,,**,⌠,*
.##.#*##,,+.##.*,,*,,,,,,,,**,,,*
..#,...#,,*..k####*,,,,,,,,**,,,*
.####..##**#.k##.#*,,,,,,,,**,,,*
###.##..#,,+°T#.)#*,,,,,,,,**,,,*
###..#..#,,#.°#†)#*,,,,,,,,**,⌠,*
.'##.+..####..##@#*,,,,,,,,**,,,*
##.#)#....###.†°##▓▓▓****+****+**
###)##......~~k~~~~~~~~~~,,,~~~*,
.####~§.....~#'########+***,~~~*,
..#~~~~~~~.§~#_._._...#~~~**~~~*,
.##~~~~§~§§.§#._._._._#~~~~******
##~§~§≈§~§§§§#_._._._.#~~~~~**,,*
~~~~§~≈§§§~§~#._._._._#~~~~~~*,,*
+++#~≈§§≈§§§~#.._._._.#~~~~~~+,,+


You could see a swamp drake.

Vanquished Creatures
  Kirke (D)
  A crystal guardian (D)
  A yaktaur captain (D)
  A centaur warrior (D)
  A death drake (D)
  A skeletal warrior (D)
  2 manticores (D)
  An elephant (D)
  A merfolk siren (D)
  A kobold demonologist (D)
  A yaktaur (D)
  3 polar bears (D)
  A hornet (D)
  A blink frog (D)
  3 wyverns (D)
  8 flying skulls (D)
  3 neqoxecs (D)
  Menkaure (D)
  4 water moccasins (D)
  5 necrophages (D)
  4 scorpions (D)
  An iron imp (D)
46 creatures vanquished.

Vanquished Creatures (collateral kills)
  An iron elemental (D)
  A slime creature (D)
  A manticore (D)
  4 flying skulls (D)
7 creatures vanquished.

Vanquished Creatures (others)
  A neqoxec (D)
1 creature vanquished.

Grand Total: 54 creatures vanquished

Notes
Turn   | Place    | Note
-------+----------+-------------------------------------------
     0 | D        | sircluck the Troll Berserker began the quest for the Orb.
     0 | D        | Reached XP level 1. HP: 22/22 MP: 0/0
     1 | D        | Noticed a merfolk siren
    13 | D        | Killed a merfolk siren
    14 | D        | Reached skill level 8 in Unarmed Combat
    14 | D        | Reached XP level 2. HP: 6/37 MP: 1/1
    14 | D        | Reached XP level 3. HP: 8/45 MP: 2/2
    14 | D        | Reached XP level 4. HP: 9/53 MP: 3/3
    14 | D        | Reached XP level 5. HP: 11/61 MP: 4/4
    14 | D        | Reached XP level 6. HP: 12/68 MP: 5/5
    74 | D        | Noticed a neqoxec
    74 | D        | Noticed a neqoxec
    79 | D        | Killed a neqoxec
    79 | D        | Reached ** piety under Trog
    79 | D        | Noticed a neqoxec
    80 | D        | Reached skill level 9 in Unarmed Combat
    83 | D        | Killed a neqoxec
    84 | D        | Reached XP level 7. HP: 79/79 MP: 6/6
    86 | D        | Killed a neqoxec
    87 | D        | Reached skill level 10 in Unarmed Combat
   152 | D        | Reached *** piety under Trog
   153 | D        | Reached skill level 11 in Unarmed Combat
   162 | D        | Reached **** piety under Trog
   163 | D        | Reached XP level 8. HP: 91/91 MP: 7/7
   177 | D        | Found Bilu's Armour Emporium.
   177 | D        | Found Icatofro's Antique Weapon Emporium.
   177 | D        | Found Xazy's Magic Scroll Shoppe.
   177 | D        | Found Goluc's Book Emporium.
   178 | D        | Found Plog's Antique Weapon Shoppe.
   178 | D        | Found Xuecon's Armour Emporium.
   178 | D        | Found Xicofuur's Antique Armour Shoppe.
   179 | D        | Found Miotu's Antique Weapon Emporium.
   179 | D        | Found Egadej's Distillery.
   179 | D        | Found Waojugyo's Magic Scroll Shoppe.
   179 | D        | Noticed a shining eye
   180 | D        | Found Geamores's Jewellery Emporium.
   180 | D        | Noticed a shining eye
   181 | D        | Found Cajuikk's Distillery.
   181 | D        | Found Gamiux's Jewellery Emporium.
   181 | D        | Noticed Menkaure
   181 | D        | Noticed a shining eye
   181 | D        | Noticed an oklob plant
   189 | D        | Killed Menkaure
   189 | D        | Reached ***** piety under Trog
   190 | D        | Reached skill level 12 in Unarmed Combat
   193 | D        | Found Puqecza's Antique Armour Shoppe.
   193 | D        | Found Woohafyn's Book Shoppe.
   194 | D        | Noticed a cane toad
   194 | D        | Noticed a cane toad
   198 | D        | Noticed a polar bear
   199 | D        | Noticed a polar bear
   270 | D        | Noticed a blink frog
   294 | D        | Killed a blink frog
   356 | D        | Bought the ring of Uvogomn {Fly Will- rCorr Str+5 Dex+3}
                  | for 555 gold pieces
   365 | D        | Noticed a flying skull
   367 | D        | Noticed a flying skull
   367 | D        | Noticed a flying skull
   367 | D        | Noticed a flying skull
   367 | D        | Noticed a flying skull
   368 | D        | Noticed a flying skull
   369 | D        | Noticed a flying skull
   369 | D        | Noticed a flying skull
   370 | D        | Noticed a flying skull
   371 | D        | Noticed a flying skull
   371 | D        | Killed a flying skull
   374 | D        | Noticed a flying skull
   374 | D        | Killed a flying skull
   375 | D        | Reached skill level 13 in Unarmed Combat
   379 | D        | Killed a flying skull
   379 | D        | Noticed a flying skull
   380 | D        | Reached XP level 9. HP: 95/101 MP: 8/8
   385 | D        | Reached skill level 10 in Fighting
   388 | D        | Reached skill level 14 in Unarmed Combat
   393 | D        | Reached skill level 10 in Dodging
   400 | D        | Received a gift from Trog
   406 | D        | Reached skill level 15 in Unarmed Combat
   409 | D        | Reached skill level 1 in Stealth
   476 | D        | Noticed an obsidian statue
   480 | D        | Noticed Kirke
   480 | D        | Noticed a yaktaur captain
   480 | D        | Noticed a skeletal warrior
   480 | D        | Noticed a centaur warrior
   505 | D        | Killed Kirke
   506 | D        | Reached skill level 16 in Unarmed Combat
   506 | D        | Reached XP level 10. HP: 113/113 MP: 9/9
   507 | D        | Killed a skeletal warrior
   507 | D        | Received a gift from Trog
   649 | D        | Noticed an iron elemental
   673 | D        | Reached skill level 17 in Unarmed Combat
   675 | D        | Noticed an elephant
   745 | D        | Killed a yaktaur captain
   806 | D        | Killed a centaur warrior
   844 | D        | Killed an elephant
   845 | D        | Reached skill level 18 in Unarmed Combat
   886 | D        | Killed an iron elemental
   963 | D        | Received a gift from Trog
   967 | D        | Reached XP level 11. HP: 55/123 MP: 10/10
  1041 | D        | Reached skill level 19 in Unarmed Combat
  1043 | D        | Received a gift from Trog
  1065 | D        | Found Pyteutee's Book Emporium.
  1065 | D        | Found Dolool's Antique Armour Shop.
  1065 | D        | Found Til Rairgh's General Store.
  1065 | D        | Found Lolulel's General Store.
  1065 | D        | Found Ycati's Antique Weapon Boutique.
  1066 | D        | Found Ydugowne's General Store.
  1066 | D        | Found Gixatyib's Antique Armour Boutique.
  1066 | D        | Found Fiuwked's Antique Armour Emporium.
  1066 | D        | Found Ototrosu's Antique Weapon Shop.
  1066 | D        | Found Latalen's Weapon Emporium.
  1066 | D        | Found Vafaops's Armour Shop.
  1066 | D        | Found Kywefa's Antique Weapon Shoppe.
  1142 | D        | Bought a scroll of acquirement for 676 gold pieces
  1142 | D        | Bought a scroll of magic mapping for 97 gold pieces
  1171 | D        | Acquired 1319 gold pieces
  1196 | D        | Bought a +6 ring of strength for 468 gold pieces
  1249 | D        | Found an opulent altar of Gozag.
  1249 | D        | Found an iron altar of Okawaru.
  1250 | D        | Found a sparkling altar of Nemelex Xobeh.
  1250 | D        | Found a blossoming altar of Fedhas.
  1251 | D        | Found a burning altar of Makhleb.
  1251 | D        | Found a radiant altar of Vehumet.
  1251 | D        | Found a white marble altar of Elyvilon.
  1252 | D        | Found a hide-covered altar of Uskayaw.
  1252 | D        | Found a corrupted altar of Lugonu.
  1252 | D        | Found a shadowy altar of Dithmenos.
  1253 | D        | Found a bloodstained altar of Trog.
  1253 | D        | Found a glowing silver altar of Zin.
  1253 | D        | Found an ancient bone altar of Kikubaaqudgha.
  1253 | D        | Found a snail-covered altar of Cheibriados.
  1256 | D        | Found a basalt altar of Yredelemnul.
  1256 | D        | Found a shimmering blue altar of Sif Muna.
  1256 | D        | Found a viscous altar of Jiyva.
  1263 | D        | Found a shimmering altar of Xom.
  1263 | D        | Found a sacrificial altar of Ru.
  1265 | D        | Found a glowing golden altar of the Shining One.
  1265 | D        | Found an ornate altar of the Wu Jian Council.
  1290 | D        | Reached skill level 20 in Unarmed Combat
  1294 | D        | Received a gift from Trog
  1363 | D        | Noticed a death drake
  1367 | D        | Noticed a death drake
  1367 | D        | Noticed a crystal guardian
  1375 | D        | Killed a crystal guardian
  1380 | D        | Killed a death drake
  1382 | D        | Succumbed to poison (dark miasma)

Illustrated notes

Levels and vault maps discovered:
D:        the_violet_keep_of_menkaure [sprint2_stairs_cluster_1,
          sprint2_shoproom, sprint2_temple, sprint2_basic_supplies,
          sprint2_obstacle_1, sprint2_obstacle_2, sprint2_obstacle_3,
          sprint2_obstacle_7, sprint2_obstacle_6, sprint2_timed_cluster_1,
          sprint2_smallroom_cluster_1, sprint2_smallroom_final_cluster_1,
          sprint2_transparent_cluster_1, sprint2_second_timed_cluster_1,
          sprint2_sniper_area_1, sprint2_heavy_combat_area_1,
          sprint2_mutation_trap_area_1, sprint2_forest_area_1,
          sprint2_light_combat_area_1, sprint2_behind_water_1,
          sprint2_near_end_vault_1]

Skill      XL: |  1  2  3  4  5  6  7  8  9 10 11 |
---------------+----------------------------------+-----
Fighting       | 6 7 8 9 11 12 | 12.2
Dodging        | 6 7 8 9 10 11 12 | 12.4
Unarmed Combat | 8 9 11 13 16 18 20 | 20.7
Stealth        | 1 2 |  2.3

Action                     |  1- 3 |  4- 6 |  7- 9 | 10-12 || total
---------------------------+-------+-------+-------+-------++-------
  Melee: Unarmed           |     9 |     7 |    65 |    71 ||   152
         Punch             |       |     1 |     2 |     7 ||    10
 Invoke: Berserk           |       |     1 |     3 |     2 ||     6
         Brothers in Arms  |       |       |     1 |     5 ||     6
         Trog's Hand       |       |       |       |     1 ||     1
    Use: Potion            |       |       |     1 |     1 ||     2
         Scroll            |       |       |       |     4 ||     4
 Armour: Animal skin       |     2 |       |     9 |    10 ||    21
  Dodge: Dodged            |     1 |     1 |    24 |    41 ||    67

Table legend: (Time is in decaauts)
 A = Elapsed time spent in this place.
 B = Non-inter-level travel time spent in this place.
 C = Inter-level travel time spent in this place.
 D = Time resting spent in this place.
 E = Time spent auto-exploring this place.
 F = Levels seen in this place.
 G = Mean time per level.
                   A        B        C        D        E       F      G
               +--------+--------+--------+--------+--------+-----+--------+
         Total |   1381 |   1296 |     85 |    588 |    177 |   1 | 1381.0 |
       Dungeon |   1381 |   1296 |     85 |    588 |    177 |   1 | 1381.0 |
               +--------+--------+--------+--------+--------+-----+--------+

Top non-repeatable levels by time:
       D: 1381 daAuts
